 Dungeon Crawl Stone Soup version 0.30.1-11-g7821555f0a (webtiles) character file.

Game seed: 15358563048911920981

13628 Ivernyr the Cruncher (level 12, -7/97 HPs)
             Began as a Formicid Fighter on Nov 12, 2023.
             Was a Believer of Wu Jian.
             Mangled by a komodo dragon (23 damage)
             ... on level 1 of the Lair of Beasts.
             The game lasted 00:22:22 (9176 turns).

Ivernyr the Cruncher (Formicid Fighter)             Turns: 9176, Time: 00:22:23

Health: -7/97      AC:  8    Str: 33    XL:     12   Next: 35%
Magic:  12/12      EV: 11    Int:  7    God:    Wu Jian [**....]
Gold:   769        SH:  7    Dex: 13    Spells: 11/11 levels left

rFire   . . .        a - +3 quarterstaff (chaos)
rCold   . . .        c - +0 buckler
rNeg    . . .        b - +0 troll leather armour {Pargi}
rPois   +            (helmet unavailable)
rElec   .            B - +0 cloak
rCorr   .            M - +0 pair of gloves
SInv    +            (no boots)
Will    +....        w - amulet of regeneration
Stlth   +            O - ring of poison resistance
HPRegen 1.96/turn    Q - +6 ring of strength
MPRegen 0.13/turn

%: no passive effects
@: no status effects
A: permanent stasis, dig shafts and tunnels, antennae 3, four strong arms
a: Dig, Shaft Self, Renounce Religion, Wall Jump


You were on level 1 of the Lair of Beasts.
You worshipped Wu Jian.
Wu Jian was pleased with you.
You visited 3 branches of the dungeon, and saw 13 of its levels.
You also visited: Sewer.

You collected 769 gold pieces.

Inventory:

Hand Weapons
 a - a +3 quarterstaff of chaos (weapon)
Missiles
 D - 3 throwing nets
Armour
 b - a +0 troll leather armour (worn) {Pargi}
 c - a +0 buckler (worn)
 B - a +0 cloak (worn)
 M - a +0 pair of gloves (worn)
Jewellery
 n - a ring of positive energy
 w - an amulet of regeneration (around neck)
 O - a ring of poison resistance (left hand)
 Q - a +6 ring of strength (right hand)
 R - a +4 ring of protection
Wands
 E - a wand of digging (8)
 F - a wand of polymorph (3)
 G - a wand of charming (28)
 J - a wand of roots (19)
 S - a wand of flame (8)
Scrolls
 f - 3 scrolls of poison {unknown}
 h - 4 scrolls of enchant armour {unknown}
 j - 12 scrolls of identify {unknown}
 l - a scroll of noise {unknown}
 m - 3 scrolls of enchant weapon {unknown}
 s - 4 scrolls of butterflies {unknown}
 t - 12 scrolls of teleportation {unknown}
 u - 5 scrolls of fear {unknown}
 y - 3 scrolls of magic mapping {unknown}
 A - a scroll of brand weapon {unknown}
 H - a scroll of vulnerability {unknown}
 I - a scroll of amnesia {unknown}
 L - 2 scrolls of fog {unknown}
 P - a scroll of acquirement {unknown}
 T - a scroll of blinking {unknown}
 U - a scroll of torment {unknown}
Potions
 d - a potion of might
 e - 3 potions of ambrosia {unknown}
 g - 6 potions of heal wounds {unknown}
 i - a potion of resistance {unknown}
 k - a potion of haste {unknown}
 o - 5 potions of attraction {unknown}
 p - a potion of magic {unknown}
 q - 6 potions of curing {unknown}
 r - 2 potions of cancellation {unknown}
 v - 2 potions of invisibility {unknown}
 x - a potion of experience {unknown}
 z - 5 potions of mutation {unknown}
 C - a potion of lignification {unknown}
 K - 2 potions of flight {unknown}
 N - 2 potions of brilliance {unknown}


   Skills:
 + Level 10.0 Fighting
 * Level 12.3 Staves
 + Level 10.1 Armour
 + Level 11.9 Shields


You had 11 spell levels left.
You didn't know any spells.
Your spell library contained the following spells:

 Spells                   Type           Power      Damage    Failure   Level
 Lesser Beckoning         Tloc           0%         N/A       63%         2
 Momentum Strike          Conj/Tloc      0%         3d8       63%         2
 Scorch                   Fire           0%         2d5       63%         2
 Gell's Gravitas          Tloc           0%         N/A       86%         3
 Teleport Other           Tloc           0%         N/A       86%         3
 Tukima's Dance           Hex            0%         N/A       86%         3
 Flame Wave               Conj/Fire      0%         2d4       99%         4
 Passage of Golubria      Tloc           0%         N/A       99%         4
 Yara's Violent Unravell  Hex/Tmut       0%         3d3       100%        5
 Dispersal                Tloc           0%         N/A       100%        6
 Summon Cactus Giant      Summ           0%         N/A       100%        6
 Blink                    Tloc           Unusable   N/A       N/A         2

Dungeon Overview and Level Annotations

Branches:
Dungeon (11/15)            Temple (1/1) D:5            Lair (1/5) D:11
  Sewer (visited)
    Orc: D:9-12

Altars:
Ashenzari
Cheibriados
Dithmenos
Elyvilon
Fedhas
Gozag
Hepliaklqana
Kikubaaqudgha
Makhleb
Nemelex Xobeh
Okawaru
Qazlal
Ru
Sif Muna
Trog
Uskayaw
Vehumet
Wu Jian
Xom
Yredelemnul
Zin
The Shining One

Shops:
D:4 =


Innate Abilities, Weirdness & Mutations

You cannot be hasted, slowed, berserked, paralysed or teleported.
You can dig through walls and to a lower floor.
You have a pair of large antennae on your head. (SInv)
Your four strong arms can wield two-handed weapons with a shield.


Message History

The komodo dragon attacks as you move away!
You block the komodo dragon's attack.
The komodo dragon attacks as you move away!
The komodo dragon barely misses you.
The komodo dragon attacks as you move away!
The komodo dragon bites you.
The komodo dragon attacks as you move away!
The komodo dragon bites you!!
The komodo dragon attacks as you move away!
The komodo dragon bites you!
The komodo dragon attacks as you move away!
The komodo dragon barely misses you.
You see here a hydra corpse.
You sock the komodo dragon!
You feel better.
The komodo dragon is moderately wounded.
You block the komodo dragon's attack.
You hit the komodo dragon but do no damage.
The komodo dragon is moderately wounded.
The komodo dragon barely misses you.
You thump the komodo dragon!
The komodo dragon goes berserk!
The komodo dragon is heavily wounded.
The komodo dragon bites you!
You thump the komodo dragon! You freeze the komodo dragon.
The komodo dragon is heavily wounded.
The komodo dragon barely misses you.
You closely miss the komodo dragon.
The komodo dragon is heavily wounded.
The komodo dragon bites you!!
You sock the komodo dragon! You freeze the komodo dragon.
The komodo dragon is severely wounded.
The komodo dragon bites you.
You sock the komodo dragon!
The komodo dragon is almost dead.
The komodo dragon bites you!!
* * * LOW HITPOINT WARNING * * *
The komodo dragon attacks as you move away!
The komodo dragon bites you.
* * * LOW HITPOINT WARNING * * *
The komodo dragon bites you!!
You die...

### ### ##### #.####.#
####.#P####### ##......
#........#.#.###### #......
.........#...†Fl@.#########......
.~####......###.#.........'......
.## ##...#.## #####.##).#P#......
.# #~..†#.# #########......
.........#.# #P......
............ #####'##
.#.###.#.#.# #... ... ......#
###' .. ####.#.# #...


You could see a komodo dragon (berserk) and a cane toad.

Vanquished Creatures
  Josephine (D:10)
  2 hydras (Lair:1)
  Erica (D:11)
  A two-headed ogre (D:11)
  Pikel (D:5)
  An oklob plant (D:11)
  2 cyclopes
  A gargoyle (D:10)
  A cane toad (Lair:1)
  Grinder (D:5)
  Sigmund (D:4)
  A shadow (D:9)
  4 yaks (D:10)
  A fire bat (D:9)
  3 wyverns
  5 wraiths (D:10)
  5 steam dragons
  An acid dragon (D:11)
  5 water moccasins
  Pargi (Sewer)
  3 sky beasts
  4 orc warriors
  A black bear (D:7)
  4 ogres
  4 centaurs
  4 lemures (D:5)
  4 kobold brigands
  Blork the orc (D:4)
  7 bullfrogs
  2 scorpions
  A gnoll sergeant (D:10)
  5 wights
  10 killer bees
  4 howler monkeys
  5 hounds
  Crazy Yiuf (D:4)
  A gnoll bouda (D:7)
  2 jellies
  9 orc priests
  A sleepcap (D:5)
  4 iguanas
  11 orc wizards
  15 gnolls
  11 adders
  A river rat (D:4)
  2 shadow imps
  2 white imps
  4 worms
  45 orcs
  8 endoplasms
  7 giant cockroaches
  7 goblins
  6 hobgoblins
  9 jackals
  6 quokkas
  6 ball pythons
  6 bats
  3 frilled lizards
  21 kobolds
  4 rats
290 creatures vanquished.

Notes
Turn   | Place    | Note
-------+----------+-------------------------------------------
     0 | D:1      | Ivernyr the Formicid Fighter began the quest for the Orb.
     0 | D:1      | Reached XP level 1. HP: 18/18 MP: 1/1
    94 | D:1      | Reached XP level 2. HP: 22/24 MP: 2/2
   239 | D:1      | Reached XP level 3. HP: 27/29 MP: 3/3
   781 | D:2      | Reached skill level 3 in Staves
   781 | D:2      | Reached XP level 4. HP: 19/37 MP: 4/4
   973 | D:2      | Reached XP level 5. HP: 36/42 MP: 5/5
  1659 | D:3      | Identified the +0 robe "Rifoeph" {-Tele Will++ Dex+3 SInv}
  1868 | D:3      | Reached skill level 5 in Shields
  2306 | D:3      | Identified the +5 short sword "Jeunnomm" {heavy, rC+ rN++}
  2386 | D:4      | Noticed Blork the orc
  2402 | D:4      | Killed Blork the orc
  2403 | D:4      | Reached skill level 4 in Staves
  2403 | D:4      | Reached XP level 6. HP: 39/48 MP: 6/6
  2516 | D:4      | Found a glowing drain.
  2523 | Sewer    | Entered a sewer
  2556 | Sewer    | Noticed Pargi
  2577 | Sewer    | Killed Pargi
  2578 | Sewer    | Reached XP level 7. HP: 38/55 MP: 7/7
  2732 | D:4      | Noticed Sigmund
  2764 | D:4      | Killed Sigmund
  2765 | D:4      | Reached skill level 5 in Staves
  2885 | D:4      | Found a runed translucent door.
  2886 | D:4      | Noticed Crazy Yiuf
  2894 | D:4      | Killed Crazy Yiuf
  2895 | D:4      | Reached skill level 5 in Armour
  3044 | D:4      | Found Efuid's Jewellery Shoppe.
  3069 | D:4      | Reached skill level 5 in Fighting
  3253 | D:4      | Reached XP level 8. HP: 46/62 MP: 8/8
  3469 | D:5      | Entered Level 5 of the Dungeon
  3678 | D:5      | Reached skill level 6 in Staves
  3728 | D:5      | Noticed Grinder
  3804 | D:5      | Killed Grinder
  3849 | D:5      | Noticed Pikel
  3862 | D:5      | Killed Pikel
  3863 | D:5      | Reached skill level 7 in Staves
  3863 | D:5      | Reached XP level 9. HP: 67/69 MP: 9/9
  3990 | D:5      | Found a staircase to the Ecumenical Temple.
  4001 | Temple   | Entered the Ecumenical Temple
  4945 | D:6      | Reached skill level 8 in Staves
  5255 | D:7      | Reached XP level 10. HP: 79/79 MP: 10/10
  5901 | D:8      | You fall into a shaft and drop 2 floors!
  5901 | D:10     | Entered Level 10 of the Dungeon
  5986 | D:10     | Identified the +5 long sword "Luun" {venom, rN+ Dex+2}
  6012 | D:10     | Reached skill level 9 in Staves
  6085 | D:10     | Noticed Josephine
  6105 | D:10     | Killed Josephine
  6181 | D:10     | Noticed a gargoyle
  6188 | D:10     | Killed a gargoyle
  6189 | D:10     | Reached skill level 10 in Staves
  6349 | D:9      | Reached skill level 10 in Shields
  6375 | D:9      | Reached XP level 11. HP: 87/87 MP: 11/11
  6485 | D:9      | Noticed a cyclops
  6497 | D:9      | Killed a cyclops
  7054 | D:8      | Found an ornate altar of the Wu Jian Council.
  7178 | D:8      | Became a worshipper of the Wu Jian Council
  7336 | D:9      | Reached skill level 11 in Staves
  7910 | D:10     | Found a radiant altar of Vehumet.
  8122 | D:11     | Noticed a cyclops
  8128 | D:11     | Killed a cyclops
  8164 | D:11     | Reached * piety under Wu Jian
  8178 | D:11     | Found a staircase to the Lair.
  8220 | D:11     | Noticed an oklob plant
  8356 | D:11     | Noticed Erica
  8366 | D:11     | Killed Erica
  8609 | D:11     | Noticed a two-headed ogre
  8614 | D:11     | Killed a two-headed ogre
  8615 | D:11     | Reached XP level 12. HP: 96/96 MP: 12/12
  8687 | D:11     | Reached ** piety under Wu Jian
  8920 | Lair:1   | Entered Level 1 of the Lair of Beasts
  9036 | Lair:1   | Reached skill level 12 in Staves
  9072 | Lair:1   | Noticed a seven-headed hydra
  9074 | Lair:1   | Noticed a five-headed hydra
  9095 | Lair:1   | Killed a seven-headed hydra
  9096 | Lair:1   | Reached skill level 10 in Armour
  9100 | Lair:1   | Killed a five-headed hydra
  9101 | Lair:1   | Reached skill level 10 in Fighting
  9176 | Lair:1   | Mangled by a komodo dragon

Illustrated notes

Levels and vault maps discovered:
D:1:      minmay_arrival_wavy_path, layout_rooms
D:2:      layout_basic
D:3:      layout_basic, kennysheep_minor_cross
D:4:      layout_cave_pods, gup_sewer_entry_bubbles,
          minmay_shop_enchanted_jewellery, uniq_crazy_yiuf_cottage,
          uniq_blork_the_orc, uniq_sigmund
D:5:      layout_basic, minmay_temple_entry_gardened_gates, uniq_grinder,
          uniq_pikel
D:6:      layout_rooms
D:7:      cheibrodos_helix_gallery, layout_basic
D:8:      layout_rooms, pdpol_wu_jian_five_deadly_venoms
D:9:      layout_gridville, hangedman_misty_isle
D:10:     layout_roguey, overflow_temple_1_default, uniq_josephine
D:11:     layout_loops_ring, dpeg_oklobed_lair, special_room [special_room_orc],
          uniq_erica
Temple:   mainiacjoe_temple_big_plus
Lair:1:   layout_roguey, wad_woods_river_03, hangedman_lair_generics_rect

Skill      XL: |  1  2  3  4  5  6  7  8  9 10 11 12 |
---------------+-------------------------------------+-----
Staves         | 3 4 5 7 8 10 11 12 | 12.3
Armour         | 4 5 6 7 8 9 10 | 10.1
Fighting       | 4 5 6 7 8 9 10 | 10.0
Shields        | 5 6 7 8 10 11 | 11.9

Action                     |  1- 3 |  4- 6 |  7- 9 | 10-12 || total
---------------------------+-------+-------+-------+-------++-------
  Melee: Quarterstaff      |    76 |   211 |   220 |   553 ||  1060
         Unarmed           |       |       |     9 |       ||     9
Ability: Lunge             |       |       |       |    22 ||    22
         Whirlwind         |       |       |       |     6 ||     6
         Dig               |       |       |       |     1 ||     1
    Use: Potion            |       |       |       |     1 ||     1
   Stab: Confused          |       |       |     2 |     1 ||     3
         Paralysed         |       |       |       |     4 ||     4
         Distracted        |       |       |       |     1 ||     1
 Armour: Scale mail        |    46 |    87 |       |       ||   133
         Troll leather arm |       |       |    70 |   116 ||   186
         Skin              |       |       |     3 |       ||     3
  Dodge: Dodged            |    50 |    82 |   111 |   200 ||   443
  Block: Buckler           |    29 |    47 |    59 |   152 ||   287
